 Dungeon Crawl Stone Soup version 0.26-a0-540-g8a0c9464d7 (webtiles) character file.

Game seed: 9293630923930877027

131231 heungbunhan the Fighter (level 17, -11/119 HPs)
             Began as an Octopode Venom Mage on Aug 18, 2020.
             Was the Champion of Cheibriados.
             Mangled by a two-headed ogre
             ... wielding a +0 giant club
              (22 damage)
             ... on level 13 of the Dungeon on Aug 19, 2020.
             The game lasted 01:51:07 (36739 turns).

heungbunhan the Fighter (Octopode Venom Mage)      Turns: 36739, Time: 01:51:07

Health: -11/119    AC:  3    Str: 35    XL:     17   Next: 9%
Magic:  39/39      EV: 30    Int: 38    God:    Cheibriados [******]
Gold:   685        SH: 12    Dex: 29    Spells: 13/34 levels left

rFire    + . .     SeeInvis +   a - +4 war axe (freeze)
rCold    + . .     Faith    .   T - +0 buckler
rNeg     + . .     Spirit   .   (helmet restricted)
rPois    +         Reflect  +   O - amulet of reflection
rElec    .         Harm     .   z - ring of protection from cold
rCorr    .                      y - +4 ring of evasion
MR       +....                  t - +6 ring of strength
Stlth    ++++++....             G - +6 ring of strength
HPRegen  0.29/turn              U - ring of Virtue {rPois MP+9 Str-5 Int+6}
MPRegen  0.26/turn              R - ring of protection from fire
                                Q - ring of see invisible
                                s - ring of positive energy

@: very slow
A: almost no armour, stealthy swim, amphibious, 8 rings, constrict 8, yellow
scales 1, camouflage 2, gelatinous body 1
a: Bend Time, Temporal Distortion, Slouch, Step From Time, Renounce Religion


You were on level 13 of the Dungeon.
You worshipped Cheibriados.
Cheibriados was exalted by your worship.
You visited 4 branches of the dungeon, and saw 23 of its levels.
You also visited: Volcano.

You collected 2442 gold pieces.
You spent 1757 gold pieces at shops.

Inventory:

Hand Weapons
 a - a +4 war axe of freezing (weapon)
 b - a +5 trident of flaming
 c - a +1 broad axe
Missiles
 d - 80 poisoned darts
 q - 8 silver boomerangs
 r - 2 curare-tipped darts
 v - 25 boomerangs (quivered)
 L - 3 throwing nets
Armour
 T - a +0 buckler (worn)
Magical Staves
 H - an uncursed staff of air
Jewellery
 f - an uncursed ring of flight
 s - a ring of positive energy (on tentacle)
 t - a +6 ring of strength (on tentacle)
 y - a +4 ring of evasion (right tentacle)
 z - a ring of protection from cold (left tentacle)
 A - an uncursed ring of resist corrosion
 G - a +6 ring of strength (on tentacle)
 O - an amulet of reflection (around mantle)
 Q - a ring of see invisible (on tentacle)
 R - a ring of protection from fire (on tentacle)
 U - the ring of Virtue (on tentacle) {rPois MP+9 Str-5 Int+6}
   (You bought it in a shop on level 2 of the Orcish Mines)

   [ring of intelligence]

   It affects your strength (-5).
   It affects your intelligence (+6).
   It protects you from poison.
   It affects your magic capacity (+9).
 W - an uncursed ring of positive energy
Wands
 e - a wand of digging (2)
 m - a wand of disintegration (28)
 F - a wand of acid (8)
 J - a wand of iceblast (24)
Scrolls
 g - 7 scrolls of remove curse
 u - 5 scrolls of enchant weapon
 w - 6 scrolls of magic mapping
 x - 2 scrolls of fear
 B - 2 scrolls of enchant armour
 I - a scroll of identify
 N - 9 scrolls of teleportation
 X - a scroll of blinking
Potions
 h - 3 potions of brilliance
 i - 2 potions of magic
 j - 3 potions of flight
 k - 7 potions of might
 l - 5 potions of heal wounds
 n - 2 potions of haste
 o - 5 potions of curing
 p - 3 potions of lignification
 C - 3 potions of invisibility
 E - 2 potions of stabbing
 K - 2 potions of cancellation
 S - a potion of resistance
 V - a potion of ambrosia
 Z - a potion of mutation


   Skills:
 * Level 12.3 Fighting
 + Level 11.7 Axes
   Level 1.6(7.7) Maces & Flails
 - Level 0.2(7.5) Polearms
   Level 2.7(5.1) Slings
 - Level 6.6(7.0) Throwing
 * Level 11.6 Dodging
 - Level 4.9 Stealth
 - Level 4.0 Shields
 - Level 9.1 Spellcasting
 - Level 2.9 Conjurations
 * Level 8.3 Transmutations
 - Level 3.3 Fire Magic
 - Level 2.0 Air Magic
 * Level 8.3 Earth Magic
 - Level 7.0 Poison Magic
 - Level 9.0 Invocations
 + Level 2.8 Evocations


You had 13 spell levels left.
You knew the following spells:

 Your Spells              Type           Power        Failure   Level
b - Poisonous Vapours     Pois/Air       ######       1%          2
c - Olgreb's Toxic Radia  Pois           ######..     1%          4
d - Mephitic Cloud        Conj/Pois/Air  #####...     1%          3
e - Ignite Poison         Fire/Tmut/Pois ######..     1%          3
f - Conjure Flame         Conj/Fire      #####...     1%          3
g - Statue Form           Tmut/Erth      ######...    11%         6

Your spell library contained the following spells:

 Spells                   Type           Power        Failure   Level
 Foxfire                  Conj/Fire      ####         1%          1
 Sandblast                Erth           ######       1%          1
 Sting                    Tmut/Pois      ####         1%          1
 Lee's Rapid Deconstruct  Erth           ######....   1%          5
 Freeze                   Ice            ###.         2%          1
 Inner Flame              Hex/Fire       ####....     3%          3
 Sticky Flame             Conj/Fire      #####...     6%          4
 Frozen Ramparts          Ice            ###...       7%          3
 Ozocubu's Armour         Ice            ###.....     7%          3
 Borgnjor's Vile Clutch   Necr/Erth      #####.....   11%         5
 Hailstorm                Conj/Ice       ####....     12%         4
 Fireball                 Conj/Fire      #####.....   17%         5
 Summon Ice Beast         Ice/Summ       ###.....     22%         4
 Freezing Cloud           Conj/Ice/Air   ####......   86%         6


Dungeon Overview and Level Annotations

Branches:
Dungeon (14/15)            Temple (1/1) D:4            Lair (6/6) D:11
  Swamp (0/4) Lair:3       Spider (0/4) Lair:2        Slime (0/5) Lair:5
    Orc (2/2) D:12            Elf (0/3) Orc:2        Vaults (0/5) D:13
Volcano (visited)

Altars:
Ashenzari
Cheibriados
Dithmenos
Elyvilon
Fedhas
Gozag
Hepliaklqana
Kikubaaqudgha
Makhleb
Nemelex Xobeh
Okawaru
Qazlal
Ru
Sif Muna
Trog
Uskayaw
Vehumet
Wu Jian
Xom
Yredelemnul
Zin
The Shining One
Beogh
Jiyva

Shops:
D:4 }   D:6 *?   D:10 **   D:12 *   Orc:2 :=((

Annotations:
D:4 Blork the orc
D:5 1 exclusion, Menkaure
D:7 Joseph
D:10 1 runed translucent door, Graouh's ghost, journeyman MiFi
D:12 exclusion: 2 downstairs
Lair:2 exclusion: downstairs
Lair:5 exclusion: downstairs


Innate Abilities, Weirdness & Mutations

You cannot wear most types of armour.
You are very stealthy in the water. (Stealth+)
You are amphibious.
You can wear up to eight rings at the same time.
You can use your tentacles to constrict eight enemies at once.
Your skin blends seamlessly with your surroundings (Stealth++).
Your rubbery body absorbs attacks. (AC +1, EV +1)
You are partially covered in yellow scales. (AC +2)


Message History

Unknown command.
You slash the two-headed ogre! You freeze the two-headed ogre.
You squeeze the two-headed ogre, but do no damage.
The two-headed ogre is moderately wounded.
You closely miss the wyvern. You block the wyvern's attack.
Unknown command.
You slash the two-headed ogre! You freeze the two-headed ogre.
The two-headed ogre is severely wounded.
You slash the wyvern! You freeze the wyvern. You block the wyvern's attack.
The two-headed ogre hits you with a +0 giant club!
You block the two-headed ogre's attack. The wyvern bites you!!
* * * LOW HITPOINT WARNING * * *
Unknown command.
You barely miss the two-headed ogre. You squeeze the two-headed ogre!
The two-headed ogre is severely wounded.
You closely miss the wyvern. The wyvern completely misses you.
The two-headed ogre hits you with a +0 giant club!
* * * LOW HITPOINT WARNING * * *
The two-headed ogre hits you with a +0 giant club!!
You die...

#.##.####.# #).#
####.#
#.##.####.####.###
##.#
..##....#.##.....#
#...
####.##......#(#.#
#.#.
#.####.##.#.#.######
#...
#......##.......[[.#
####
#...#####..##.####.#
# ###.# #..##O##...#
#.# ###...l@##.###
#.# #.......##<# #.#
#.......##.# #.#
#.......##.# #.#
#<......##[# ####.#
#.......##.#
#....###.......##)#
#..............##.#
#.#####.#########.#


You could see a two-headed ogre and a wyvern.

Vanquished Creatures
  An orc warlord (Orc:1)
  A stone giant (Volcano)
  Josephine (Orc:1)
  A fire dragon (Lair:6)
  A hydra (shapeshifter) (D:13)
  Harold (D:10)
  6 hydras
  A catoblepas (Lair:6)
  5 vault guards (D:13)
  A centaur warrior (D:13)
  A death yak (D:11)
  15 two-headed ogres
  4 ogre magi (Orc:2)
  2 orc high priests
  Nergalle (D:10)
  Sonja (Lair:6)
  A fire crab (Lair:5)
  An unseen horror (shapeshifter) (D:13)
  A wizard (D:13)
  A lindwurm (Lair:6)
  Pikel (D:5)
  A swamp dragon (Lair:6)
  A deep elf mage (D:10)
  A necromancer (Lair:4)
  2 orc knights (Orc:2)
  4 oklob plants
  An orc sorcerer (Orc:2)
  3 cyclopes
  4 manticores
  Maurice (D:12)
  6 black mambas
  2 molten gargoyles (Volcano)
  15 elephants
  4 gargoyles
  2 torpor snails (Lair:6)
  13 cane toads
  9 komodo dragons
  2 yaktaurs (D:13)
  4 rime drakes (Lair:6)
  2 efreet
  A tengu conjurer (D:13)
  A polar bear (Lair:4)
  3 trolls
  4 slime creatures (D:11)
  A hornet (D:11)
  6 dream sheep (Lair:4)
  A bog body (Lair:3)
  19 blink frogs
  10 hippogriffs
  2 redbacks (Lair:2)
  2 wyverns
  A shadow (D:13)
  7 wraiths
  45 yaks
  10 fire bats
  A vampire (D:13)
  3 steam dragons (Lair:6)
  4 basilisks
  A fire elemental (Volcano)
  3 wargs
  4 swamp worms (Lair:3)
  5 acid dragons
  Duvessa (D:5)
  10 porcupines
  3 ice beasts
  10 water moccasins
  4 sky beasts
  28 orc warriors
  2 eyes of draining (D:13)
  2 black bears
  2 phantoms (D:8)
  2 necrophages
  11 wolves
  33 ogres
  9 centaurs
  23 crocodiles
  A big kobold (D:9)
  12 bullfrogs
  A wyvern zombie (D:9)
  An earth elemental (Volcano)
  Dowan (D:5)
  A scorpion (D:12)
  17 killer bees
  16 wights
  6 howler monkeys
  2 electric eels
  8 lava snakes (Volcano)
  A bullfrog zombie (D:8)
  5 jellies
  25 orc priests
  3 bullfrog skeletons
  A gnoll shaman (D:6)
  5 hounds
  Natasha (twice) (D:3)
  2 centaur skeletons
  10 iguanas
  25 orc wizards
  10 worker ants
  3 polar bear simulacra (Lair:4)
  2 yak simulacra (Lair:4)
  2 wolf simulacra (Lair:4)
  4 gnolls (D:6)
  11 adders
  2 shadow imps
  3 white imps
  2 ufetubi
  An ooze (D:1)
  2 adder skeletons
  3 worms (D:2)
  2 dart slugs
  2 leopard geckos
  107 orcs
  6 bats
  4 giant cockroaches
  9 goblins
  10 hobgoblins
  14 jackals
  3 quokkas
  5 frilled lizards
  A giant cockroach zombie (D:6)
  13 kobolds
  A leopard gecko skeleton (D:7)
  8 rats
  3 river rat simulacra (Lair:4)
777 creatures vanquished.

Vanquished Creatures (others)
  A river rat simulacrum (Lair:4)
  31 fungi
  26 plants
58 creatures vanquished.

Grand Total: 835 creatures vanquished

Notes
Turn   | Place    | Note
-------+----------+-------------------------------------------
     0 | D:1      | heungbunhan the Octopode Venom Mage began the quest for the
                  | Orb.
     0 | D:1      | Reached XP level 1. HP: 11/11 MP: 3/3
   275 | D:1      | Found a sparkling altar of Nemelex Xobeh.
   294 | D:1      | Reached XP level 2. HP: 10/17 MP: 1/5
   667 | D:1      | Learned a level 2 spell: Poisonous Vapours
   984 | D:1      | Reached XP level 3. HP: 21/21 MP: 1/6
  1725 | D:1      | Reached skill level 1 in Air Magic
  1961 | D:2      | Reached XP level 4. HP: 27/27 MP: 7/7
  2984 | D:3      | Noticed Natasha
  2989 | D:3      | Killed Natasha
  2989 | D:3      | Reached skill level 1 in Fighting
  2989 | D:3      | Reached skill level 1 in Slings
  2989 | D:3      | Reached XP level 5. HP: 17/33 MP: 3/8
  3431 | D:3      | Noticed Natasha
  3433 | D:3      | Killed Natasha
  3720 | D:4      | Found a staircase to the Ecumenical Temple.
  4057 | Temple   | Entered the Ecumenical Temple
  4126 | Temple   | Became a worshipper of Cheibriados the Contemplative
  4180 | D:4      | Reached XP level 6. HP: 31/38 MP: 6/11
  4618 | D:4      | Reached skill level 1 in Invocations
  4972 | D:4      | Found Save's Gadget Boutique.
  5011 | D:4      | Noticed Blork the orc
  5182 | D:4      | Found a shimmering blue altar of Sif Muna.
  5464 | D:5      | Entered Level 5 of the Dungeon
  5504 | D:5      | Noticed Duvessa
  5507 | D:5      | Noticed Dowan
  5530 | D:5      | Killed Duvessa
  5530 | D:5      | Reached skill level 2 in Fighting
  5530 | D:5      | Reached XP level 7. HP: 45/45 MP: 5/12
  6175 | D:5      | Noticed Pikel
  6185 | D:5      | Killed Pikel
  6185 | D:5      | Reached skill level 4 in Fighting
  6185 | D:5      | Reached skill level 1 in Maces & Flails
  6185 | D:5      | Reached XP level 8. HP: 48/54 MP: 3/13
  6303 | D:5      | Killed Dowan
  6303 | D:5      | Reached * piety under Cheibriados
  6303 | D:5      | Reached skill level 1 in Throwing
  6742 | D:5      | Noticed Menkaure
  6804 | D:5      | Reached skill level 5 in Fighting
  6884 | D:5      | Reached skill level 1 in Axes
  7701 | D:6      | Reached ** piety under Cheibriados
  8085 | D:5      | Learned a level 4 spell: Olgreb's Toxic Radiance
  8445 | D:6      | Reached XP level 9. HP: 62/62 MP: 5/14
  8528 | D:6      | Reached skill level 6 in Fighting
  8888 | D:6      | Found Zalef's Assorted Antiques.
  8934 | D:6      | Reached *** piety under Cheibriados
  9205 | D:6      | Noticed a cacodemon
  9206 | D:6      | Found a burning altar of Makhleb.
  9209 | D:6      | Found a glowing silver altar of Zin.
  9209 | D:6      | Noticed an angel
  9279 | D:6      | Found Wetaywk's Magic Scroll Boutique.
  9284 | D:6      | Bought a scroll of magic mapping for 49 gold pieces
  9517 | D:7      | Noticed Joseph
  9621 | D:7      | Learned a level 3 spell: Mephitic Cloud
  9625 | D:7      | Learned a level 3 spell: Ignite Poison
  9672 | D:7      | Reached skill level 5 in Poison Magic
 10155 | D:7      | Found a shimmering altar of Xom.
 10779 | D:7      | Reached skill level 5 in Axes
 10782 | D:7      | Reached **** piety under Cheibriados
 11224 | D:8      | Reached skill level 7 in Fighting
 11224 | D:8      | Reached XP level 10. HP: 60/71 MP: 16/16
 11441 | D:8      | Found a blossoming altar of Fedhas.
 11562 | D:8      | Reached skill level 5 in Spellcasting
 11570 | D:8      | Found the +7 Kryia's mail coat {PotionHeal*2 rC+}
 11731 | D:8      | Found a hazy altar of Hepliaklqana.
 12039 | D:8      | Reached skill level 5 in Dodging
 12296 | D:8      | Found a sparkling altar of Nemelex Xobeh.
 12532 | D:9      | Reached ***** piety under Cheibriados
 12600 | D:9      | Found a hide-covered altar of Uskayaw.
 12602 | D:9      | Noticed a +0 dagger
 12602 | D:9      | Noticed a +0 dagger
 13113 | D:9      | Learned a level 3 spell: Conjure Flame
 13898 | D:10     | Entered Level 10 of the Dungeon
 14082 | D:10     | Noticed Harold
 14084 | D:10     | Noticed Nergalle
 14268 | D:10     | Reached skill level 1 in Fire Magic
 14268 | D:10     | Reached skill level 1 in Conjurations
 14435 | D:10     | Killed Harold
 14437 | D:10     | Reached skill level 1 in Evocations
 14453 | D:10     | Reached XP level 11. HP: 55/75 MP: 3/19
 14460 | D:10     | Killed Nergalle
 14462 | D:10     | Noticed a deep elf mage
 14747 | D:10     | Reached skill level 5 in Invocations
 15116 | D:10     | Killed a deep elf mage
 15241 | D:10     | Reached ****** piety under Cheibriados
 15565 | D:10     | Found a runed translucent door.
 15567 | D:10     | Noticed Graouh's ghost (journeyman MiFi)
 15681 | D:10     | Found Zofitz's Assorted Antiques.
 15774 | D:10     | Found Nuagheaf's General Store.
 15782 | D:10     | Bought a scroll of blinking for 90 gold pieces
 15782 | D:10     | Bought a scroll of teleportation for 36 gold pieces
 15789 | D:10     | You fall into a shaft and drop 2 floors!
 15914 | D:12     | Reached skill level 8 in Fighting
 16016 | D:12     | Found a staircase to the Orcish Mines.
 16048 | D:12     | Noticed Maurice
 16058 | D:12     | Killed Maurice
 16302 | D:11     | Found an iron altar of Okawaru.
 16309 | D:11     | Got a crude mace
 16820 | D:11     | Noticed a death yak
 16832 | D:11     | Killed a death yak
 16929 | D:11     | Noticed a cyclops
 16934 | D:11     | Killed a cyclops
 17140 | D:11     | Found a staircase to the Lair.
 17698 | D:11     | Reached XP level 12. HP: 81/81 MP: 16/21
 17728 | D:11     | Noticed a two-headed ogre
 17738 | D:11     | Killed a two-headed ogre
 17957 | D:11     | Reached skill level 9 in Fighting
 18136 | D:11     | Identified the +4 mace "Beetleslayer" {venom, Dex+4} (You
                  | found it on level 11 of the Dungeon)
 18298 | D:12     | Found Bygaewn's General Store.
 18373 | D:12     | Identified the Collected Works on Earth
 18382 | D:12     | Learned a level 6 spell: Statue Form
 18595 | D:13     | Noticed a four-headed hydra
 19073 | D:13     | Reached skill level 1 in Earth Magic
 19087 | D:13     | Killed a five-headed hydra
 19093 | D:13     | Noticed a vault guard
 19094 | D:13     | Noticed a vault guard
 21058 | Lair:1   | Entered Level 1 of the Lair of Beasts
 21098 | Lair:1   | Reached skill level 1 in Shields
 21510 | Lair:1   | Reached skill level 5 in Throwing
 22556 | Lair:2   | Reached XP level 13. HP: 67/87 MP: 17/22
 22864 | Lair:2   | Found a hole to the Spider Nest.
 24887 | Lair:3   | Found a staircase to the Swamp.
 25188 | Lair:4   | Reached skill level 10 in Fighting
 26554 | Lair:5   | Reached skill level 10 in Axes
 26555 | Lair:5   | Reached skill level 5 in Transmutations
 26853 | Lair:5   | Reached XP level 14. HP: 75/99 MP: 16/23
 27322 | Lair:5   | Found a viscous altar of Jiyva.
 27322 | Lair:5   | Found a staircase to the Slime Pits.
 27434 | Lair:5   | Reached skill level 5 in Earth Magic
 28075 | Lair:6   | Entered Level 6 of the Lair of Beasts
 28905 | Lair:6   | Noticed Sonja
 28915 | Lair:6   | Killed Sonja
 30077 | Lair:6   | HP: 4/99 [blink frog (18)]
 30081 | Lair:6   | Reached skill level 10 in Dodging
 30081 | Lair:6   | Reached skill level 11 in Fighting
 30496 | Lair:6   | Gained mutation: You are partially covered in yellow
                  | scales. (AC +2) [potion of mutation]
 30496 | Lair:6   | Gained mutation: Your skin blends seamlessly with your
                  | surroundings (Stealth++). [potion of mutation]
 30523 | Lair:6   | Got an iridescent rapier
 32302 | Lair:6   | Got a transparent hand axe
 32314 | Lair:6   | Identified the +4 hand axe of Peyh {vorpal, Str+4} (You
                  | found it on level 6 of the Lair of Beasts)
 32544 | Orc:1    | Entered Level 1 of the Orcish Mines
 32548 | Orc:1    | Noticed an orc warlord
 32549 | Orc:1    | Reached XP level 15. HP: 77/107 MP: 7/25
 32565 | Orc:1    | Killed an orc warlord
 32897 | Orc:1    | Found a roughly hewn altar of Beogh.
 33143 | Orc:2    | Entered Level 2 of the Orcish Mines
 33293 | Orc:2    | Found a staircase to the Elven Halls.
 33349 | Orc:2    | Found a dark tunnel.
 33359 | Volcano  | Entered a volcano
 33549 | Volcano  | Found a radiant altar of Vehumet.
 35135 | Orc:2    | Found Uniyfel's Jewellery Boutique.
 35135 | Orc:2    | Found Puhishru's Weapon Emporium.
 35135 | Orc:2    | Found Zagyfent's Book Shoppe.
 35135 | Orc:2    | Found Ufriucai's Antique Weapon Boutique.
 35347 | Orc:1    | Noticed Josephine
 35354 | Orc:1    | Killed Josephine
 35472 | Orc:1    | You fall into a shaft and drop 1 floor!
 35648 | Orc:2    | Bought an uncursed ring of see invisible for 255 gold
                  | pieces
 35650 | Orc:2    | Bought the ring of Virtue {rPois MP+9 Str-5 Int+6} for 1327
                  | gold pieces
 35808 | D:13     | Reached skill level 12 in Fighting
 35808 | D:13     | Reached XP level 16. HP: 114/114 MP: 29/29
 36229 | D:13     | Reached XP level 17. HP: 119/119 MP: 30/30
 36500 | D:13     | Found a gate to the Vaults.
 36739 | D:13     | Mangled by a two-headed ogre

Illustrated notes

Levels and vault maps discovered:
D:1:      erik_arrival_orb_chamber, layout_basic, ebering_dispersal_statue_hall,
          nemelex_xobeh_ov_fountains_minmay
D:2:      layout_loops_cross
D:3:      layout_rooms, uniq_natasha
D:4:      layout_cave_pools, lemuel_doored_altar,
          minmay_temple_entry_proselytizer, serial_shops,
          nicolae_shop_statue_plus, uniq_blork_the_orc
D:5:      layout_basic, minmay_misc_feat_pillars, grunt_decor_one_mirror,
          uniq_duvessa, uniq_pikel, uniq_menkaure
D:6:      layout_cave_pools, grunt_temple_overflow_order_and_chaos_2,
          serial_shops, shop, nicolae_shop_stone, grunt_ministairs_11,
          minmay_misc_feat_four_crosses, kennysheep_dice
D:7:      layout_layer_cave, old_standard_altar, uniq_joseph
D:8:      layout_loops_ring, kennysheep_mini_moat, lemuel_round_altar,
          fedhas_ov_isle_minmay
D:9:      layout_loops_ring, dancing_weapons_uskayaw
D:10:     layout_loops_ring, ebering_ghost_reflecting_pool, serial_shops, shop,
          shop, kennysheep_path_1, uniq_nergalle, uniq_harold
D:11:     layout_grid_maze, david_lair_generic, okawaru_ov_weapons_minmay
D:12:     layout_roguey, david_orc_4, serial_shops, shop, uniq_maurice
D:13:     layout_loops_cross, grunt_vaults_entry_fortified
D:14:     giant_chief_lemuel, layout_cave_pools, gauntlet_entry_generic
Temple:   nicolae_temple_great_sept
Lair:1:   layout_loops_ring, beast_lair_carwin_2, lemuel_fruit_tree,
          grunt_megastairs_3, infiniplex_staircase_pool
Lair:2:   layout_misc_corridors, spider_nest_entry_webs, grunt_megastairs_2
Lair:3:   layout_misc_corridors, nicolae_swamp_entry_splash_gauntlet,
          grunt_megastairs_4
Lair:4:   layout_loops_ring, eino_house_with_fridge
Lair:5:   layout_gridlike, dpeg_slime_entry_enclosed_altar
Lair:6:   hangedman_lair_in_review, layout_regular_city,
          guppyfry_lair_end_dragon, minmay_lair_oklob_chamber,
          serial_bayou_shore_b, serial_bayou_shore_a, uniq_sonja
Orc:1:    layout_caves, david_defended_altar_orc, uniq_josephine
Orc:2:    st_orc_ogre_mass, layout_caves, nicolae_volcano_entry_batcave

Skill      XL: |  1  2  3  4  5  6  7  8  9 10 11 12 13 14 15 16 |
---------------+-------------------------------------------------+-----
Poison Magic   | 4 5 7 |  7.0
Stealth        | 3 4 |  4.9
Air Magic      | 1 2 |  2.0
Fighting       | 1 2 4 5 7 8 9 10 11 12 | 12.3
Slings         | 1 2 |  2.7
Spellcasting   | 3 4 5 6 7 9 |  9.1
Invocations    | 2 3 4 6 7 8 9 |  9.0
Maces & Flails | 1 |  1.6
Dodging        | 3 4 6 7 8 9 10 11 | 11.6
Throwing       | 2 3 4 5 6 |  6.6
Axes           | 3 5 6 7 9 10 11 | 11.7
Fire Magic     | 1 3 |  3.3
Conjurations   | 1 2 |  2.9
Evocations     | 1 2 |  2.8
Transmutations | 3 5 6 8 |  8.3
Earth Magic    | 2 4 6 7 8 |  8.3
Shields        | 1 3 4 |  4.0
Polearms       | |  0.2

Action                   |  1- 3 |  4- 6 |  7- 9 | 10-12 | 13-15 | 16-18 || total
-------------------------+-------+-------+-------+-------+-------+-------++-------
Melee: Club              |    38 |    15 |       |       |       |       ||    53
       Constrict         |    16 |     7 |    24 |    46 |    46 |     1 ||   140
       Tentacles         |     9 |     4 |    31 |    91 |   141 |    11 ||   287
       Unarmed           |     2 |     3 |       |       |       |       ||     5
       War axe           |       |       |   110 |   238 |   352 |    14 ||   714
       Staff             |       |       |       |     1 |       |       ||     1
       Trident           |       |       |       |       |    20 |    10 ||    30
 Fire: Hunting sling     |     3 |   103 |       |       |       |       ||   106
Throw: Dart              |       |    10 |    27 |     8 |    51 |       ||    96
       Boomerang         |       |       |    15 |    53 |    60 |     5 ||   133
 Cast: Sting             |    13 |       |       |       |       |       ||    13
       Poisonous Vapours |    28 |    49 |    97 |   147 |    95 |    11 ||   427
       Olgreb's Toxic Ra |       |       |     5 |    42 |    90 |    13 ||   150
       Ignite Poison     |       |       |       |    14 |    49 |    10 ||    73
       Mephitic Cloud    |       |       |       |     4 |    14 |     1 ||    19
       Conjure Flame     |       |       |       |     1 |       |       ||     1
       Statue Form       |       |       |       |       |     2 |     1 ||     3
Invok: Bend Time         |       |       |     1 |     1 |     3 |       ||     5
       Slouch            |       |       |       |     3 |     2 |       ||     5
Evoke: Wand              |       |       |       |     3 |     4 |       ||     7
  Use: Scroll            |       |       |     7 |    14 |    18 |     1 ||    40
       Potion            |       |       |       |     1 |     6 |       ||     7
 Stab: Sleeping          |       |       |     1 |    11 |    10 |       ||    22
       Distracted        |       |       |       |     1 |     3 |       ||     4
Armor: Skin              |     8 |     5 |     3 |     1 |     4 |     2 ||    23
Dodge: Dodged            |    37 |    51 |    81 |   184 |   266 |    20 ||   639
Block: Other             |       |       |       |     5 |       |       ||     5
       Buckler           |       |       |       |    41 |   186 |    25 ||   252
       Reflection        |       |       |       |     4 |     7 |     6 ||    17

Table legend: (Time is in decaauts)
 A = Elapsed time spent in this place.
 B = Non-inter-level travel time spent in this place.
 C = Inter-level travel time spent in this place.
 D = Time resting spent in this place.
 E = Time spent auto-exploring this place.
 F = Levels seen in this place.
 G = Mean time per level.
                   A        B        C        D        E       F      G
               +--------+--------+--------+--------+--------+-----+--------+
         Total |  47526 |  45476 |   2050 |  16116 |  23334 |  24 | 1980.2 |
       Dungeon |  27533 |  26373 |   1160 |   9483 |  13618 |  14 | 1966.6 |
        Temple |     82 |     71 |     11 |      0 |     65 |   1 |   82.0 |
          Lair |  15577 |  14953 |    624 |   5295 |   8037 |   6 | 2596.2 |
  Orcish Mines |   3450 |   3196 |    254 |    942 |   1519 |   2 | 1725.0 |
       Volcano |    883 |    883 |      0 |    396 |     94 |   1 |  883.0 |
               +--------+--------+--------+--------+--------+-----+--------+

Top non-repeatable levels by time:
  Lair:6: 5095 daAuts
    D:13: 3668 daAuts
     D:5: 2954 daAuts
    D:11: 2907 daAuts
    D:10: 2628 daAuts
  Lair:5: 2561 daAuts
     D:7: 2368 daAuts
  Lair:2: 2145 daAuts
  Lair:4: 2063 daAuts
     D:9: 2002 daAuts
   Orc:2: 1987 daAuts
  Lair:3: 1938 daAuts
    D:12: 1914 daAuts
     D:1: 1852 daAuts
     D:6: 1802 daAuts
